 Dungeon Crawl Stone Soup version 0.25-a0-302-g9f758675c1 (webtiles) character file.

Game seed: 16853154406960897073, levelgen mode: deterministic

294 MoonlitKnight the Charmwright (level 6, 0/50 HPs)
             Began as a Gnoll Skald on Dec 20, 2019.
             Slain by an orc wizard
             ... wielding a +0 dagger
              (1 damage)
             ... on level 4 of the Dungeon.
             The game lasted 00:07:37 (3089 turns).

MoonlitKnight the Charmwright (Gnoll Skald)         Turns: 3089, Time: 00:07:37

Health: 0/50       AC:  6    Str: 15    XL:     6   Next: 34%
Magic:  2/14       EV: 13    Int: 15    God:
Gold:   175        SH:  5    Dex: 19    Spells: 4/15 levels left

rFire    . . .     SeeInvis .   a - +0 spear
rCold    . . .     Gourm    .   f - +0 buckler
rNeg     . . .     Faith    .   j - +0 ring mail
rPois    .         Spirit   .   q - +0 helmet
rElec    .         Reflect  .   (no cloak)
rCorr    .         Harm     .   (no gloves)
MR       .....                  (no boots)
Stlth    ++........             (no amulet)
HPRegen  0.16/turn              r - +4 ring of dexterity
MPRegen  0.14/turn              (no ring)

@: very slightly contaminated
A: distributed training, fangs 1, strong nose
a: no special abilities


You were on level 4 of the Dungeon.
You were not hungry.

You visited 1 branch of the dungeon, and saw 4 of its levels.

You collected 175 gold pieces.

Inventory:

Hand Weapons
 a - a +0 spear (weapon)
 b - a +0 hunting sling
Missiles
 c - 49 sling bullets
 s - 2 poisoned darts (quivered)
Armour
 f - a +0 buckler (worn)
 j - a +0 ring mail (worn)
 q - a +0 helmet (worn)
Jewellery
 r - a +4 ring of dexterity (left hand)
 t - a +5 ring of dexterity
Wands
 p - a wand of random effects (21)
Scrolls
 e - 6 scrolls of identify {unknown}
 i - 4 scrolls of teleportation {unknown}
 l - 4 scrolls of enchant weapon {unknown}
 n - a scroll of fog {unknown}
 o - 2 scrolls of amnesia {unknown}
Potions
 g - 3 potions of flight {unknown}
 h - 2 potions of lignification {unknown}
 m - a potion of degeneration {unknown}
 u - a potion of invisibility {unknown}
Comestibles
 d - 8 rations


   Skills:
 + Level 4.9 Fighting
 + Level 1.9 Short Blades
 + Level 1.9 Long Blades
 + Level 1.9 Axes
 + Level 1.9 Maces & Flails
 + Level 4.9 Polearms
 + Level 1.9 Staves
 + Level 1.9 Slings
 + Level 1.9 Bows
 + Level 1.9 Crossbows
 + Level 1.9 Throwing
 + Level 3.2 Armour
 + Level 4.9 Dodging
 + Level 1.9 Stealth
 + Level 1.9 Shields
 + Level 1.9 Unarmed Combat
 + Level 5.3 Spellcasting
 + Level 1.5 Conjurations
 + Level 1.5 Hexes
 + Level 5.6 Charms
 + Level 1.5 Summonings
 + Level 1.5 Necromancy
 + Level 1.5 Translocations
 + Level 1.5 Transmutations
 + Level 1.5 Fire Magic
 + Level 1.5 Ice Magic
 + Level 1.5 Air Magic
 + Level 1.5 Earth Magic
 + Level 1.5 Poison Magic
 + Level 2.1 Invocations
 + Level 1.9 Evocations


You had 4 spell levels left.
You knew the following spells:

 Your Spells              Type           Power        Failure   Level  Hunger
a - Infusion              Chrm           ###.         3%          1    None
b - Shroud of Golubria    Chrm/Tloc      ##....       14%         2    #......
c - Spectral Weapon       Hex/Chrm       ##......     26%         3    ###....
d - Regeneration          Chrm/Necr      ##........   26%         3    ###....
e - Song of Slaying       Chrm           ###.....     6%          2    #......

Your spell library contained the following spells:

 Spells                   Type           Power        Failure   Level  Hunger


Dungeon Overview and Level Annotations

Branches:
Dungeon (4/15)
 Temple: D:4-7

Altars:
Qazlal
Vehumet


Innate Abilities, Weirdness & Mutations

Your experience applies equally to all skills.
You have very sharp teeth.
Your uncanny sense of smell can sniff out nearby items.


Message History

You hit the orc.
The orc is lightly wounded.
Your spectral weapon hits the orc but does no damage.
The orc wizard hits you but does no damage.
The orc misses you.
You hit the orc but do no damage.
The orc is lightly wounded.
Your spectral weapon closely misses the orc.
You block the orc wizard's attack. You block the orc's attack.
You barely miss the orc.
The orc is lightly wounded.
Your spectral weapon misses the orc.
The orc wizard gestures at you while chanting.
The magic dart hits you!
* * * LOW HITPOINT WARNING * * *
You hit the orc wizard.
The orc wizard is moderately wounded.
Your spectral weapon completely misses the orc wizard.
The orc wizard hits you with a +0 dagger.
You die...

###..........<.......
#........#...........
#........###....#####
##......## ####.+
##.....# ## #....##
#....# ###(## ####
#o@# . ##..###o##
.####....#.o#
...........##
#........##
##.........#
#..........##
#...........#
#...........# ####


You could see an orc wizard, 2 orcs and a friendly spectral +0 spear.

Vanquished Creatures
  Jessica (D:3)
  2 orc wizards (D:4)
  Robin (D:3)
  9 adders
  2 worms (D:2)
  4 dart slugs
  5 leopard geckos
  11 orcs
  11 bats
  5 giant cockroaches
  10 goblins
  10 hobgoblins
  4 jackals (D:2)
  10 kobolds
  3 frilled lizards
  7 rats
95 creatures vanquished.

Notes
Turn   | Place    | Note
-------+----------+-------------------------------------------
     0 | D:1      | MoonlitKnight the Gnoll Skald began the quest for the Orb.
     0 | D:1      | Reached XP level 1. HP: 20/20 MP: 6/6
   192 | D:1      | Reached XP level 2. HP: 26/26 MP: 7/7
   199 | D:1      | Learned a level 2 spell: Shroud of Golubria
   651 | D:1      | Reached XP level 3. HP: 31/31 MP: 9/9
   656 | D:1      | Learned a level 3 spell: Spectral Weapon
   660 | D:1      | Learned a level 3 spell: Regeneration
   663 | D:1      | Learned a level 2 spell: Song of Slaying
   814 | D:2      | Reached skill level 5 in Spellcasting
  1065 | D:2      | Reached skill level 1 in Invocations
  1332 | D:2      | Reached skill level 1 in Short Blades
  1332 | D:2      | Reached skill level 1 in Long Blades
  1332 | D:2      | Reached skill level 1 in Axes
  1332 | D:2      | Reached skill level 1 in Maces & Flails
  1332 | D:2      | Reached skill level 1 in Staves
  1332 | D:2      | Reached skill level 1 in Slings
  1332 | D:2      | Reached skill level 1 in Bows
  1332 | D:2      | Reached skill level 1 in Crossbows
  1332 | D:2      | Reached skill level 1 in Throwing
  1332 | D:2      | Reached skill level 1 in Stealth
  1332 | D:2      | Reached skill level 1 in Shields
  1332 | D:2      | Reached skill level 1 in Unarmed Combat
  1332 | D:2      | Reached skill level 1 in Evocations
  1337 | D:2      | Reached XP level 4. HP: 29/38 MP: 8/11
  1605 | D:2      | Reached skill level 1 in Conjurations
  1605 | D:2      | Reached skill level 1 in Hexes
  1605 | D:2      | Reached skill level 1 in Summonings
  1605 | D:2      | Reached skill level 1 in Necromancy
  1605 | D:2      | Reached skill level 1 in Translocations
  1605 | D:2      | Reached skill level 1 in Transmutations
  1605 | D:2      | Reached skill level 1 in Fire Magic
  1605 | D:2      | Reached skill level 1 in Ice Magic
  1605 | D:2      | Reached skill level 1 in Air Magic
  1605 | D:2      | Reached skill level 1 in Earth Magic
  1605 | D:2      | Reached skill level 1 in Poison Magic
  1767 | D:2      | Found a radiant altar of Vehumet.
  1772 | D:2      | Reached XP level 5. HP: 37/43 MP: 12/12
  2193 | D:3      | Noticed Jessica
  2202 | D:3      | Killed Jessica
  2363 | D:3      | Noticed Robin
  2380 | D:3      | Killed Robin
  2467 | D:3      | Found a stormy altar of Qazlal.
  2671 | D:3      | Reached XP level 6. HP: 50/50 MP: 13/13
  3088 | D:4      | HP: 1/50 [orc wizard/magic dart (9)]
  3089 | D:4      | Slain by an orc wizard

Levels and vault maps discovered:
D:1:      scummos_arrival_star, layout_basic
D:2:      layout_basic, vehumet_crystals, first_ration, grunt_ministairs_9
D:3:      layout_loops_ring, nicolae_qazlal_eye_of_the_storm, uniq_robin,
          uniq_jessica
D:4:      layout_cave_pods, marbit_many_paths, kennysheep_mini

Skill      XL: |  1  2  3  4  5  6 |
---------------+-------------------+-----
Spellcasting   | 5 |  5.3
Invocations    | 1 2 |  2.1
Short Blades   | 1 |  1.9
Long Blades    | 1 |  1.9
Axes           | 1 |  1.9
Maces & Flails | 1 |  1.9
Staves         | 1 |  1.9
Slings         | 1 |  1.9
Bows           | 1 |  1.9
Crossbows      | 1 |  1.9
Throwing       | 1 |  1.9
Stealth        | 1 |  1.9
Shields        | 1 |  1.9
Unarmed Combat | 1 |  1.9
Evocations     | 1 |  1.9
Conjurations   | 1 |  1.5
Hexes          | 1 |  1.5
Summonings     | 1 |  1.5
Necromancy     | 1 |  1.5
Translocations | 1 |  1.5
Transmutations | 1 |  1.5
Fire Magic     | 1 |  1.5
Ice Magic      | 1 |  1.5
Air Magic      | 1 |  1.5
Earth Magic    | 1 |  1.5
Poison Magic   | 1 |  1.5
Armour         | 3 |  3.2
Fighting       | |  4.9
Polearms       | |  4.9
Dodging        | |  4.9
Charms         | |  5.6

Action                   |  1- 3 |  4- 6 || total
-------------------------+-------+-------++-------
Melee: Spear             |   134 |   255 ||   389
       Bite              |    14 |    29 ||    43
 Cast: Spectral Weapon   |     1 |     5 ||     6
       Regeneration      |       |     1 ||     1
 Stab: Sleeping          |     2 |     1 ||     3
       Distracted        |       |     1 ||     1
  Eat: Chunk             |     1 |     7 ||     8
Armor: Leather armour    |    23 |       ||    23
       Ring mail         |       |    45 ||    45
Dodge: Dodged            |    64 |   113 ||   177
Block: Buckler           |    15 |    42 ||    57

Table legend:
 A = Non-vault XP
 B = Vault XP
 C = Vault XP percentage of total XP
 D = Non-vault monster count
 E = Vault monster count
 F = Vault count percentage of total count
                 A         B        C        D         E       F
            +---------+---------+-------+---------+---------+-------
      Total |     346 |      75 |  17.8 |      82 |      13 |  13.7
            +---------+---------+-------+---------+---------+-------
        D:1 |      35 |       0 |   0.0 |      19 |       0 |   0.0
        D:2 |     149 |       4 |   2.6 |      38 |       2 |   5.0
        D:3 |      78 |      71 |  47.7 |      20 |      11 |  35.5
        D:4 |      84 |       0 |   0.0 |       5 |       0 |   0.0
            +---------+---------+-------+---------+---------+-------
